Map: Newkirk Precinct TE (Void)

Players

Musumeci - Winner!

  • Race: Zerg Zerg
  • League: Diamond
  • Spawn Location: 7:00

PapaChango

  • Race: Terran Terran
  • League: Diamond
  • Spawn Location: 5:00

VOD

Have the link to the VOD?

Description

Time

  • Played on: Dec. 28, 2016, 6:49 a.m.
  • Length: 27:17
Show
View Real Time Build Order
Export as new Build Order

Musumeci Zerg - Winner!

Build Orders: Hatch First 

Get SALT Encoding   

  12  0:02  Drone  
  13  0:08  Drone  
  14  0:20  Drone, Extractor  
  15  0:45  Hatchery  
  15  0:49  Extractor  
  13  0:50  Drone  
  15  1:02  Spawning Pool  
  14  1:14  Extractor  
  14  1:15  Drone, Extractor x2  
  14  1:16  Drone  
  13  1:20  Drone  
  16  1:26  Overlord  
  16  1:35  Extractor  
  16  1:45  Drone  
  17  1:48  Drone  
  17  1:50  Extractor  
  17  1:51  Queen  
  20  1:57  Queen  
  20  1:58  Drone  
  20  1:59  Extractor  
  23  2:02  Drone  
  23  2:08  Drone  
  25  2:12  Overlord  
  25  2:20  Extractor  
  25  2:27  Queen  
  27  2:32  Queen  
  29  2:37  Extractor  
  29  2:38  Drone  
  29  2:39  Drone x2  
  29  2:40  Drone  
  33  2:45  Drone  
  33  2:46  Drone  
  33  2:50  Extractor  
  35  2:52  Drone  
  35  2:57  Overlord  
  36  3:04  Extractor  
  36  3:18  Extractor  
  35  3:20  Extractor  
  35  3:21  Extractor, Roach Warren  
  35  3:22  Drone x6  
  35  3:23  Drone  
  40  3:34  Drone  
  41  3:36  Drone  
  41  3:40  Extractor  
  42  3:42  Hatchery  
  41  4:08  Evolution Chamber x2  
  39  4:12  Drone x5  
  44  4:18  Overlord x3  
  44  4:48  Roach  
  44  4:49  Roach x6  
  44  4:51  Lair  
  58  5:04  Zerg Missile Weapons Level 1  
  58  5:06  Extractor  
  57  5:07  Drone x2, Extractor  
  57  5:08  Drone  
  57  5:09  Drone x3  
  57  5:13  Drone x2  
  64  5:33  Roach x5  
  74  5:40  Zerg Ground Armor Level 1  
  74  6:05  Overlord x2  
  74  6:06  Overlord x3  
  72  6:23  Ravager  
  72  6:24  Ravager  
  74  6:26  Spore Crawler  
  73  6:56  Spore Crawler  
  73  6:59  Spore Crawler  
  58  7:10  Drone x19  
  58  7:11  Drone x3  
  58  7:15  Ravager x4  
  84  7:26  Spore Crawler  
  84  7:27  Spore Crawler x2  
  84  7:29  Zerg Missile Weapons Level 2  
  81  7:31  Glial Reconstitution  
  81  7:34  Zerg Ground Armor Level 2  
  81  7:37  Drone x10, Extractor  
  81  7:38  Drone x3, Extractor  
  81  7:40  Overseer  
  81  7:44  Roach x4  
  98  8:16  Queen  
  93  8:41  Roach x5  
  93  8:42  Roach x6  
  111  9:29  Roach  
  111  9:31  Overlord x7  
  113  9:32  Extractor  
  113  9:33  Hatchery  
  113  9:37  Extractor  
  110  9:46  Drone x3  
  110  9:47  Drone  
  110  9:50  Ravager x16  
  110  9:52  Roach  
  136  9:53  Roach x14  
  160  10:12  Roach x5  
  170  10:16  Overlord x6  
  170  11:00  Roach x13  
  153  11:19  Roach x13  
  139  11:28  Roach x3  
  129  11:33  Roach x3  
  129  11:34  Ravager x12  
  129  11:37  Roach x3  
  147  11:49  Ravager x4  
  147  11:50  Ravager  
  147  11:51  Roach  
  147  11:53  Roach x7  
  165  12:04  Infestation Pit  
  160  12:10  Roach x9  
  160  12:12  Queen  
  131  12:46  Roach  
  131  12:47  Roach x19  
  143  13:19  Roach x16  
  175  13:24  Hive  
  153  14:28  Roach x8  
  153  14:29  Roach x17  
  153  14:30  Hatchery  
  178  14:40  Ravager x7  
  178  14:41  Ravager x3  
  178  14:45  Zerg Missile Weapons Level 3  
  188  14:54  Zerg Ground Armor Level 3  
  188  15:12  Hatchery  
  97  15:35  Ravager x6  
  91  15:43  Drone x6  
  91  15:44  Drone x2  
  91  15:47  Roach  
  91  15:48  Roach x8  
  117  16:07  Ravager  
  117  16:08  Ravager x8  
  126  16:15  Roach, Extractor x2  
  126  16:16  Roach x7  
  140  16:22  Extractor  
  140  16:23  Burrow  
  140  16:24  Extractor  
  140  16:25  Tunneling Claws  
  138  16:31  Drone x2  
  138  16:32  Drone x2  
  142  16:33  Drone  
  142  16:36  Drone x2  
  142  16:37  Drone  
  142  16:38  Drone  
  147  16:40  Drone  
  145  16:48  Roach x4  
  153  17:02  Drone x11  
  153  17:07  Overseer  
  164  17:08  Overseer  
  164  17:09  Overseer  
  164  17:31  Roach x6  
  147  17:55  Roach x12  
  161  18:07  Roach x16  
  161  18:08  Roach x3  
  175  18:16  Roach x6  
  175  18:17  Roach x6  
  181  18:20  Ravager  
  181  18:23  Ravager  
  181  18:24  Ravager x7  
  190  18:32  Ravager  
  191  18:40  Ravager x2  
  193  18:47  Ravager  
  193  18:48  Ravager  
  195  19:11  Ravager x5  
  181  19:22  Roach x14  
  181  19:43  Roach  
  176  19:48  Roach x7  
  176  19:49  Roach x5  
  200  19:56  Roach  
  200  20:02  Roach x9  
  176  21:12  Roach x10  
  176  21:13  Roach x3  
  198  21:26  Ravager x2  
  198  21:31  Roach x10, Ravager x4  
  200  21:45  Spore Crawler x3  
  153  22:37  Roach x7  
  153  22:52  Hatchery  
  152  23:00  Drone x4  
  152  23:05  Hatchery  
  155  23:09  Roach x2  
  145  23:31  Roach x7  
  145  23:32  Roach x6  
  145  23:33  Ravager x12  
  147  23:51  Roach x4  
  143  24:06  Roach  
  143  24:07  Roach x2  
  149  24:14  Extractor  
  149  24:15  Ravager x14  
  149  24:17  Overlord x2  
  162  24:24  Overlord  
  162  24:34  Roach x2  
  162  24:35  Roach x4  
  159  24:42  Spore Crawler x2  
  159  24:43  Spore Crawler  
  129  25:05  Roach x14  
  129  25:06  Roach x4  
  146  25:34  Spawning Pool  
  112  25:40  Roach x9  
  112  25:41  Roach x4  
  129  26:02  Hatchery  
  128  26:16  Drone  
  128  26:17  Drone x11  
  140  26:46  Hatchery  
  139  26:57  Roach x3  
  139  26:58  Roach x2  
Show
View Real Time Build Order
Export as new Build Order

PapaChango Terran 

Build Orders: Reaper Expand, MMM Bio 

Get SALT Encoding   

  12  0:00  SCV  
  13  0:13  SCV  
  14  0:18  Supply Depot  
  14  0:25  SCV  
  15  0:40  SCV  
  16  0:42  Barracks  
  16  0:46  Refinery  
  16  0:52  SCV  
  17  1:04  SCV  
  18  1:16  SCV  
  19  1:29  Orbital Command  
  19  1:30  Reaper  
  20  1:46  Command Center  
  20  1:57  SCV  
  21  2:03  Barracks  
  21  2:14  SCV  
  22  2:19  Barracks Reactor  
  22  2:27  SCV, Supply Depot, Refinery  
  23  2:41  Factory  
  23  2:49  SCV  
  24  2:56  Barracks Tech Lab  
  24  2:57  Marine x2  
  26  3:01  SCV  
  28  3:07  Orbital Command  
  27  3:13  SCV  
  27  3:16  Marine  
  27  3:17  Marine x2  
  31  3:25  SCV  
  31  3:26  Stimpack  
  32  3:33  Starport  
  32  3:35  Factory Reactor  
  32  3:37  SCV, Marine  
  32  3:40  Marine  
  35  3:42  SCV  
  36  3:49  SCV  
  36  3:54  SCV  
  38  4:02  Marine x3  
  41  4:06  SCV x2  
  41  4:08  Supply Depot  
  43  4:18  SCV  
  43  4:19  SCV  
  43  4:20  Marine  
  46  4:24  Supply Depot  
  46  4:29  Marine x2  
  46  4:30  SCV, Medivac x2  
  53  4:32  Supply Depot  
  53  4:35  SCV  
  54  4:46  SCV  
  54  4:47  Marine x2  
  54  4:48  Engineering Bay  
  57  4:53  Marine  
  57  4:55  Widow Mine, Engineering Bay  
  57  4:56  SCV  
  57  4:58  SCV  
  62  5:00  Refinery, Medivac  
  62  5:02  Supply Depot  
  62  5:04  Marine  
  62  5:05  Marine  
  66  5:14  SCV x2  
  68  5:18  Supply Depot  
  68  5:26  SCV x2  
  70  5:28  Marine x3  
  70  5:31  Supply Depot  
  70  5:34  Terran Infantry Weapons Level 1  
  73  5:38  SCV x2  
  73  5:42  Medivac  
  79  5:46  Marine x3  
  79  5:47  Factory Reactor  
  80  5:50  SCV x2  
  80  5:56  Command Center  
  82  6:00  Supply Depot  
  82  6:01  Terran Infantry Armor Level 1  
  82  6:02  SCV  
  83  6:16  Marine x3  
  83  6:18  SCV  
  86  6:24  SCV, Medivac x2  
  91  6:30  Barracks  
  91  6:31  Barracks x2, Supply Depot  
  91  6:36  SCV  
  91  6:37  Armory  
  91  6:39  Refinery  
  90  6:44  Marine x3  
  90  6:45  Widow Mine  
  95  6:47  Widow Mine  
  97  7:01  SCV  
  97  7:02  Marine  
  96  7:12  Marine  
  96  7:13  Marine  
  96  7:15  Orbital Command  
  96  7:18  SCV x2  
  96  7:19  Marine  
  96  7:20  Barracks Reactor, Barracks Tech Lab x2  
  99  7:28  Medivac x2  
  103  7:30  SCV x2  
  103  7:31  Supply Depot  
  105  7:41  SCV  
  105  7:42  SCV x2, Factory Tech Lab  
  105  7:43  Marine x7  
  115  7:45  Concussive Shells  
  115  7:53  SCV  
  115  7:54  SCV  
  102  8:01  Marine x3  
  102  8:02  Marine x2  
  102  8:04  Marauder x2  
  107  8:06  Orbital Command  
  107  8:14  SCV  
  107  8:15  SCV  
  107  8:18  Marine  
  107  8:19  Marine x2  
  112  8:20  Marauder  
  112  8:25  Marauder  
  112  8:27  Factory  
  106  8:35  Marauder, Marine  
  106  8:36  Bunker, Marine  
  109  8:42  Marauder  
  109  8:45  Marine  
  109  8:46  Marauder, Marine  
  109  8:47  Siege Tank  
  118  8:53  Marine  
  118  8:54  Terran Infantry Weapons Level 2  
  118  8:55  Supply Depot  
  119  9:04  Marauder, Terran Infantry Armor Level 2  
  121  9:11  Factory Tech Lab, Refinery  
  121  9:13  Refinery  
  121  9:16  Medivac x2, Supply Depot  
  121  9:17  Terran Vehicle Weapons Level 1  
  125  9:18  Marauder, Marine x2  
  125  9:19  Marauder, Marine  
  132  9:31  Marauder, Marine  
  134  9:35  Siege Tank  
  134  9:36  Marine x3  
  141  9:40  Marauder x2  
  145  9:48  Siege Tank  
  145  9:49  Marine  
  145  9:50  Supply Depot  
  149  9:54  Supply Depot  
  149  9:55  Marine, Combat Shields  
  149  9:56  Marauder, Medivac x2  
  156  10:00  Marine x2  
  156  10:01  Marauder x2  
  156  10:02  SCV x2  
  164  10:11  Command Center  
  164  10:12  Siege Tank  
  168  10:15  Marine x2  
  168  10:17  Marauder  
  168  10:20  Marine, Supply Depot  
  172  10:22  Marauder  
  172  10:23  Marauder  
  172  10:27  Marine  
  177  10:30  Siege Tank  
  177  10:32  SCV  
  181  10:37  Supply Depot  
  181  10:39  Supply Depot  
  181  10:42  Marauder, SCV  
  184  10:43  Liberator  
  184  10:44  Marauder, Siege Tank  
  189  10:56  Liberator  
  189  10:58  Marine x2  
  189  10:59  Marauder, SCV x2, Supply Depot  
  189  11:00  Marine  
  178  11:19  Marine  
  178  11:20  Marauder x3, Marine  
  166  11:29  Marine x2  
  166  11:37  Marine x2, Siege Tank  
  171  11:41  Marauder x2  
  171  11:42  Marauder  
  171  11:43  Medivac  
  179  11:47  Marine x2  
  181  11:55  Marine x2  
  182  12:02  Marauder  
  182  12:03  Marauder x2  
  182  12:05  Missile Turret x2  
  187  12:09  Terran Infantry Weapons Level 3, Terran Infantry Armor Level 3  
  187  12:10  Missile Turret, Marine  
  185  12:24  Marauder x3  
  185  12:27  Barracks x2  
  177  12:37  Marine  
  146  12:45  Marauder x2  
  146  12:46  Marauder  
  146  12:48  Marine x2  
  150  12:56  Marine x2  
  150  12:57  Widow Mine, Siege Tank  
  157  12:58  Barracks, Medivac  
  155  13:07  Marauder x3  
  157  13:17  Marine  
  157  13:18  Planetary Fortress  
  158  13:25  Refinery  
  158  13:27  Refinery  
  158  13:28  Marauder x2  
  158  13:29  Marauder  
  158  13:32  Marine  
  158  13:33  Siege Tank x2  
  165  13:49  Marauder x2  
  165  14:01  Command Center  
  155  14:05  Marauder, Marine x2, Siege Tank  
  155  14:07  SCV x2  
  164  14:11  Marauder  
  164  14:15  Command Center  
  162  14:28  Marine  
  162  14:29  Marauder, Marine x4  
  166  14:33  Siege Tank  
  166  14:37  Siege Tank  
  172  14:43  Barracks Reactor  
  172  14:44  Barracks Tech Lab  
  170  14:46  Barracks Tech Lab  
  169  15:07  Marauder, Marine x5  
  169  15:08  Marauder  
  178  15:15  Missile Turret  
  178  15:17  Missile Turret  
  178  15:19  Marauder x2  
  135  15:26  Marauder  
  135  15:27  Marine  
  113  15:29  Marauder, Marine  
  113  15:33  Marauder  
  109  15:38  Planetary Fortress  
  107  15:50  Sensor Tower  
  107  16:02  Marauder x2  
  107  16:03  Marauder  
  113  16:06  Missile Turret  
  113  16:08  Missile Turret x2  
  113  16:10  Marauder x2  
  117  16:15  Planetary Fortress  
  117  16:20  Siege Tank  
  117  16:22  Siege Tank  
  117  16:23  Medivac  
  125  16:26  Medivac  
  129  16:40  Marauder x5  
  137  16:48  Marine x2  
  137  16:52  Siege Tank  
  137  16:53  Medivac  
  144  16:54  Marine x2, Siege Tank  
  144  16:56  Medivac  
  153  17:01  Marauder x3  
  153  17:05  SCV x2  
  153  17:07  Command Center  
  159  17:10  Starport  
  158  17:37  Marauder x2, Marine x4  
  145  17:42  Siege Tank x2  
  145  17:43  Medivac x2  
  157  17:44  Marauder  
  157  17:45  Marauder  
  157  17:46  Marauder, Marine x2  
  157  17:49  Unknown  
  157  17:51  Unknown  
  165  17:54  Marine  
  165  17:55  Marine x3  
  170  17:58  Marauder  
  147  18:06  Marauder  
  147  18:08  Marauder x2, Marine x3  
  147  18:12  Marine x2  
  122  18:13  Marine x2  
  122  18:19  Marine  
  119  18:26  Marine x3  
  125  18:27  Marine, Siege Tank  
  125  18:28  Siege Tank  
  125  18:29  Marine x2  
  125  18:30  Marine x3  
  134  18:38  Marauder  
  136  18:42  Starport Reactor  
  136  18:43  Medivac x2  
  136  18:44  Marine x3  
  136  18:45  Marauder x2  
  136  18:48  Marauder x2  
  151  18:59  Marauder, Sensor Tower  
  151  19:02  SCV  
  154  19:03  SCV x2  
  156  19:14  Missile Turret  
  156  19:15  Missile Turret x2  
  156  19:16  Marauder x2, Marine x2  
  138  19:19  Missile Turret  
  138  19:20  Marauder x2, Marine x2  
  109  19:26  Unknown  
  106  19:41  Marauder x2, Marine x9  
  114  19:57  Planetary Fortress  
  114  19:59  Marine x4  
  120  20:00  Marauder  
  120  20:14  Missile Turret  
  120  20:19  Missile Turret  
  114  20:29  Marauder x5, Marine  
  114  20:30  Liberator x2  
  118  20:40  Marine x2  
  120  20:45  Barracks Reactor  
  120  20:49  Starport Reactor  
  126  20:50  Marine x2  
  126  20:51  Marauder x2  
  126  20:54  Marine  
  126  20:55  Marine x2  
  135  21:12  Marauder  
  137  21:24  Marine x2  
  139  21:25  Marine  
  139  21:28  Starport Reactor  
  139  21:29  Siege Tank x2  
  139  21:30  Barracks Reactor x2, Medivac x2  
  139  21:31  Barracks Tech Lab x3  
  150  21:34  Marauder  
  152  21:42  Marine x2  
  154  21:55  Marauder  
  154  21:57  Command Center  
  154  22:01  Siege Tank x2  
  161  22:03  Marauder  
  157  22:16  Marauder  
  157  22:21  Marauder x2, Marine  
  156  22:26  Marauder  
  152  22:36  Marine  
  152  22:38  Marauder  
  152  22:42  Marauder x2  
  156  22:47  Marauder  
  156  22:50  Marine  
  153  22:56  SCV  
  152  22:59  Marauder  
  152  23:03  SCV x2  
  152  23:04  Marauder x2  
  158  23:19  Missile Turret  
  150  23:42  Marauder x2  
  150  23:46  Marauder x2, Marine  
  137  23:50  Marine  
  126  24:04  Marauder  
  128  24:13  Marauder  
  128  24:14  Orbital Command  
  130  24:17  Barracks Reactor  
  130  24:20  SCV  
  131  24:31  SCV  
  132  24:32  Marauder, SCV  
  134  24:43  SCV  
  134  24:44  SCV  
  120  25:09  SCV  
  120  25:10  SCV  
  120  25:11  Marauder x2, Marine  
  121  25:30  Marauder  
  121  25:31  Marauder  
  121  25:33  Orbital Command, Marauder x2, Marine x2  
  103  25:36  Marine x2  
  83  25:43  Marine  
  83  25:48  Marine  
  75  25:59  SCV x2  
  77  26:07  Marauder  
  77  26:11  SCV x2  
  80  26:12  SCV  
  82  26:21  Orbital Command  
  82  26:23  SCV  
  82  26:24  SCV  
  85  26:32  Marauder, Siege Tank  
  89  26:33  Siege Tank  
  89  26:34  Marauder x2  
  89  26:35  SCV, Marine  
  89  26:36  SCV  
  89  26:38  Marine x2  
  100  26:44  Marine  
  100  26:45  Marauder  
  102  26:47  SCV  
  102  26:49  SCV x2  
  102  26:53  Marauder  
  106  26:55  Marauder  
Tags
 
Add a new tag
Caveats
  • Supply blocks, unpowered buildings, or Contaminate may cause inaccurate times.
  • Supply counts are checked every 10 seconds.